 Dungeon Crawl Stone Soup version 0.27.1-4-g1640c2035a (webtiles) character file.

Game seed: 5890961686350105910

3649 Stomo444 the Lightning Rod (level 9, -8/69 HPs)
             Began as a Demonspawn Gladiator on Nov 16, 2021.
             Was a Follower of Qazlal.
             Mangled by a fire elemental (12 damage)
             ... summoned by a deep elf pyromancer
             ... on level 8 of the Dungeon.
             The game lasted 00:20:09 (9941 turns).

Stomo444 the Lightning Rod (Demonspawn Gladiator)   Turns: 9941, Time: 00:20:10

Health: -8/69      AC: 11    Str: 18    XL:     9   Next: 88%
Magic:  16/16      EV: 13    Int: 10    God:    Qazlal [*.....]
Gold:   2787       SH:  2    Dex: 16    Spells: 6/8 levels left

rFire    . . .     SeeInvis .   s - +9 dire flail of Koolink {vamp, rPois}
rCold    . . .     Faith    .   (shield currently unavailable)
rNeg     + . .     Spirit   .   A - +0 chain mail
rPois    +         Reflect  .   (helmet restricted)
rElec    .         Harm     .   t - +0 cloak
rCorr    .         Rampage  .   (no gloves)
Will     .....     Rnd*Tele +   (no boots)
Stlth    +.........             g - amulet of magic regeneration
HPRegen  0.21/turn              l - ring of Riots {Fly rN+}
MPRegen  0.40/turn              (no ring)

@: about to teleport, flying
A: antennae 2, sturdy frame 3, demonic magic 1, thin skeletal structure 1,
teleportitis 1, MP-powered wands
a: Renounce Religion


You were on level 8 of the Dungeon.
You worshipped Qazlal.
Qazlal was aware of your devotion.
You visited 1 branch of the dungeon, and saw 8 of its levels.

You collected 2787 gold pieces.

Inventory:

Hand Weapons
 a - a +0 flail
 o - a +1 vampiric whip
 p - a +2 mace of draining
 s - the +9 dire flail of Koolink (weapon) {vamp, rPois}
   (You acquired it on level 6 of the Dungeon)

   It occasionally heals its wielder for a portion of the damage dealt when it
   wounds a living foe.
   rPois:     It protects you from poison.
Missiles
 d - a throwing net (quivered)
 e - 143 stones
Armour
 b - a +0 leather armour
 c - a +0 helmet
 q - a +0 ring mail
 t - a +0 cloak (worn)
 v - +0 steam dragon scales
 A - a +0 chain mail (worn)
Jewellery
 g - an amulet of magic regeneration (around neck)
 l - the ring of Riots (left hand) {Fly rN+}
   (You acquired it on level 4 of the Dungeon)

   [ring of flight]

   rN:        It protects you from negative energy.
   Fly:       It grants you flight.
 m - an amulet of faith
Wands
 k - a wand of iceblast (17)
 n - a wand of digging (5)
 u - a wand of flame (15)
 w - a wand of polymorph (8)
 B - a wand of paralysis (5)
Scrolls
 f - 14 scrolls of identify
 h - 2 scrolls of teleportation
 i - a scroll of brand weapon
 y - a scroll of fog {unknown}
 z - a scroll of noise {unknown}
Potions
 j - a potion of brilliance
 r - 3 potions of curing
 x - 2 potions of resistance {unknown}


   Skills:
 + Level 6.3 Fighting
 + Level 6.1 Maces & Flails
 - Level 1.7 Throwing
 + Level 5.3 Armour
 + Level 6.1 Dodging
 + Level 9.7 Invocations


You had 6 spell levels left.
You knew the following spells:

 Your Spells              Type           Power      Damage    Failure   Level
a - Blink                 Tloc           N/A        N/A       80%         2

Your spell library contained the following spells:

 Spells                   Type           Power      Damage    Failure   Level
 Static Discharge         Conj/Air       0%         N/A       80%         2
 Lesser Beckoning         Tloc           0%         N/A       95%         3
 Lightning Bolt           Conj/Air       0%         1d11      100%        5
 Manifold Assault         Tloc           0%         N/A       100%        5
 Maxwell's Capacitive Co  Air            0%         ∞         100%        8


Dungeon Overview and Level Annotations

Branches:
Dungeon (8/15)             Temple (0/1) D:7
   Lair: D:8-11

Altars:
Fedhas
Qazlal
Xom

Annotations:
D:4 2 transporters, Stomo444's ghost, amateur DsGl
D:8 1 transporter, iamoutofideas's ghost, novice DEFE


Innate Abilities, Weirdness & Mutations

You have a pair of antennae on your head.
Your movements are significantly less encumbered by armour. (ER -6)
Spells you cast may paralyse adjacent enemies.
You have a somewhat thin skeletal structure. (Dex +2, Stealth+)
You are occasionally teleported next to monsters.
You expend magic power (3 MP) to strengthen your wands.


Message History

Found a potion of lignification.
Found a crooked bone wand.
Found an ivory wand.
w - a wand of polymorph (8)
B - a wand of paralysis (5)
A deep elf pyromancer comes into view. It is wielding a +0 dagger.
The deep elf pyromancer shouts!
The deep elf pyromancer gestures wildly while chanting.
There are monsters nearby!
There are monsters nearby!
There are monsters nearby!
There are monsters nearby!
Found 17 sling bullets.
Unknown command.
The deep elf pyromancer points at you and mumbles some strange words.
The sticky flame hits you!
You are covered in liquid flames!
You are covered in liquid flames!
The deep elf pyromancer mumbles some strange words.
The fire elemental hits you. The fire elemental burns you!
You are covered in liquid flames!
The fire elemental disappears in a puff of smoke!
The deep elf pyromancer gestures wildly while chanting.
The deep elf pyromancer blinks!
The fire elemental hits you. The fire elemental burns you!
You barely miss the deep elf pyromancer.
The fire elemental hits you. The fire elemental burns you!
The fire elemental hits you. The fire elemental burns you!
* * * LOW HITPOINT WARNING * * *
The fire elemental completely misses you.
Unknown command.
Okay, then.
As you read the scroll of teleportation, it crumbles to dust.
You feel strangely unstable. The fire elemental hits you.
The fire elemental burns you!
* * * LOW HITPOINT WARNING * * *
The deep elf pyromancer is struck by lightning.
The deep elf pyromancer hits you but does no damage.
The fire elemental hits you. The fire elemental burns you!
You die...

..°......... #
#..........
##.........(.
....#.......
....#....#......
.....#..........#
..........##..°...#
...............EE○###
...............e@...##
................§....#
....#..#............##
....#..#..........#.#
..(..!......####..###
..........#..###.##
..........#....###
#.#.......#...##
####...........#


You could see a deep elf pyromancer and 2 fire elementals.

Vanquished Creatures
  A komodo dragon (D:7)
  2 hornets
  2 wraiths
  Eustachio (D:5)
  2 steam dragons (D:7)
  2 water moccasins
  A sky beast (D:5)
  An ice beast (D:5)
  A black bear (D:7)
  2 necrophages
  An ogre (D:7)
  A kobold brigand (D:7)
  3 scorpions
  A water moccasin zombie (D:5)
  A water moccasin skeleton (D:3)
  6 killer bees
  4 howler monkeys
  A bullfrog zombie (D:5)
  2 centaur zombies
  A gnoll shaman (D:5)
  2 orc priests
  5 hounds
  A centaur skeleton (D:7)
  4 iguanas
  4 orc wizards
  Ijyb (D:4)
  A killer bee zombie (D:6)
  A hound skeleton (D:4)
  3 gnolls (D:6)
  2 howler monkey skeletons (D:5)
  8 adders
  A shadow imp (D:5)
  An ufetubus (D:7)
  An adder skeleton (D:5)
  4 dart slugs
  16 orcs
  7 endoplasms
  2 giant cockroaches (D:1)
  3 goblins
  10 hobgoblins
  8 jackals
  3 quokkas
  12 ball pythons
  4 bats
  8 frilled lizards
  7 kobolds
  A quokka skeleton (D:4)
  5 rats
161 creatures vanquished.

Vanquished Creatures (others)
  A plant (D:7)
1 creature vanquished.

Grand Total: 162 creatures vanquished

Notes
Turn   | Place    | Note
-------+----------+-------------------------------------------
     0 | D:1      | Stomo444 the Demonspawn Gladiator began the quest for the
                  | Orb.
     0 | D:1      | Reached XP level 1. HP: 16/16 MP: 1/1
   323 | D:1      | Gained mutation: Your movements are slightly less
                  | encumbered by armour. (ER -2) [demonic ancestry]
   323 | D:1      | Reached XP level 2. HP: 17/22 MP: 2/2
   402 | D:1      | Found a faded altar of an unknown god.
   776 | D:1      | Reached skill level 1 in Armour
   789 | D:1      | Gained mutation: Your movements are less encumbered by
                  | armour. (ER -4) [demonic ancestry]
   789 | D:1      | Reached XP level 3. HP: 27/28 MP: 3/3
  2189 | D:3      | Gained mutation: Your movements are significantly less
                  | encumbered by armour. (ER -6) [demonic ancestry]
  2189 | D:3      | Reached XP level 4. HP: 34/34 MP: 4/4
  2531 | D:3      | Reached XP level 5. HP: 26/41 MP: 5/5
  3119 | D:3      | Found a stormy altar of Qazlal.
  3279 | D:3      | Became a worshipper of Qazlal Stormbringer
  3332 | D:4      | Found a transporter.
  3372 | D:4      | Reached skill level 1 in Invocations
  3772 | D:4      | Found a transporter.
  3774 | D:4      | Noticed Stomo444's ghost (amateur DsGl)
  3791 | D:4      | Gained mutation: You have a pair of small antennae on your
                  | head. [demonic ancestry]
  3791 | D:4      | Reached XP level 6. HP: 44/47 MP: 5/7
  3995 | D:4      | Reached skill level 2 in Invocations
  4377 | D:4      | Noticed Ijyb
  4394 | D:4      | Gained mutation: You are occasionally teleported next to
                  | monsters. [potion of mutation]
  4394 | D:4      | Gained mutation: You have a somewhat thin skeletal
                  | structure. (Dex +2, Stealth+) [potion of mutation]
  4394 | D:4      | Gained mutation: You expend magic power (3 MP) to
                  | strengthen your wands. [potion of mutation]
  4395 | D:4      | Identified 3 scrolls of acquirement
  4395 | D:4      | Acquired 1241 gold pieces
  4403 | D:4      | Killed Ijyb
  4404 | D:4      | Reached skill level 3 in Invocations
  4953 | D:4      | Acquired 1158 gold pieces
  4954 | D:4      | Acquired the ring of Riots {Fly rN+}
  4964 | D:4      | Reached skill level 4 in Invocations
  5185 | D:4      | Reached * piety under Qazlal
  5234 | D:5      | Entered Level 5 of the Dungeon
  5284 | D:5      | Reached skill level 5 in Invocations
  5442 | D:5      | Noticed Eustachio
  5457 | D:5      | Gained mutation: You have a pair of antennae on your head.
                  | [demonic ancestry]
  5457 | D:5      | Reached XP level 7. HP: 36/52 MP: 9/11
  5485 | D:5      | Killed Eustachio
  5486 | D:5      | Reached skill level 6 in Invocations
  5708 | D:5      | Reached skill level 7 in Invocations
  6136 | D:5      | Noticed a hornet
  6159 | D:4      | Killed a hornet
  6160 | D:4      | Gained mutation: Spells you cast may paralyse adjacent
                  | enemies. [demonic ancestry]
  6160 | D:4      | Reached XP level 8. HP: 17/60 MP: 13/13
  6169 | D:4      | Learned a level 2 spell: Blink
  6741 | D:5      | Reached skill level 8 in Invocations
  7057 | D:6      | Reached skill level 5 in Maces & Flails
  7057 | D:6      | Reached skill level 5 in Dodging
  7372 | D:6      | Reached skill level 5 in Fighting
  7492 | D:6      | Found a blossoming altar of Fedhas.
  7552 | D:6      | Identified the +8 long sword "Burac" {vamp, Int+3 SInv
                  | Stlth+}
  7934 | D:6      | Acquired the +9 dire flail of Koolink {vamp, rPois}
  7983 | D:6      | Found a shimmering altar of Xom.
  8009 | D:7      | Reached XP level 9. HP: 68/68 MP: 15/15
  8099 | D:7      | Reached skill level 9 in Invocations
  8147 | D:7      | Noticed a komodo dragon
  8160 | D:7      | Killed a komodo dragon
  8238 | D:7      | Found Woassec's Hydra Hut.
  8240 | D:7      | Noticed a five-headed hydra
  8395 | D:7      | Found a staircase to the Ecumenical Temple.
  8422 | D:8      | Reached ** piety under Qazlal
  9042 | D:7      | Noticed a skeletal warrior
  9465 | D:7      | Reached skill level 5 in Armour
  9536 | D:7      | Noticed a death knight
  9846 | D:8      | Found a transporter.
  9850 | D:8      | Noticed iamoutofideas's ghost (novice DEFE)
  9932 | D:8      | Noticed a deep elf pyromancer
  9941 | D:8      | Mangled by a fire elemental

Illustrated notes

Levels and vault maps discovered:
D:1:      scummos_arrival_simple_fountains, layout_basic,
          chequers_ecumenical_altar_simple, minmay_nonomino_d4
D:2:      layout_basic, chequers_serial_rivers_micro_e
D:3:      layout_loops_ring, mainiacjoe_overflow_alcove_1
D:4:      layout_basic, gammafunk_ghost_stat_death,
          chequers_serial_rivers_room_a, uniq_ijyb
D:5:      layout_loops_cross, chequers_serial_rivers_marsh, minmay_circle_x,
          uniq_eustachio
D:6:      layout_basic, general_overflow_altar, fedhas_altar_fruit_tree,
          corexii_shack
D:7:      layout_rooms, minmay_temple_entry_glass, doesnt_shop_hydraphobe
D:8:      layout_cave_pools, gammafunk_temple_overflow_statue,
          gammafunk_ghost_mausoleum

Skill      XL: |  1  2  3  4  5  6  7  8  9 |
---------------+----------------------------+-----
Maces & Flails | 3 4 5 6 |  6.1
Dodging        | 3 4 5 6 |  6.1
Armour         | 1 2 3 4 5 |  5.3
Fighting       | 3 4 5 6 |  6.3
Invocations    | 1 5 7 8 9 |  9.7
Throwing       | |  1.7

Action                   |  1- 3 |  4- 6 |  7- 9 || total
-------------------------+-------+-------+-------++-------
Melee: Flail             |   153 |    32 |       ||   185
       Whip              |       |    68 |       ||    68
       Mace              |       |   129 |   170 ||   299
       Dire flail        |       |       |   117 ||   117
Throw: Stone             |     2 |     5 |       ||     7
       Throwing net      |       |       |     3 ||     3
  Use: Potion            |       |     6 |     4 ||    10
       Scroll            |       |     7 |     6 ||    13
 Stab: Sleeping          |     2 |     1 |       ||     3
       Held in net/web   |       |       |     1 ||     1
Armor: Leather armour    |    60 |    22 |       ||    82
       Ring mail         |       |    33 |    63 ||    96
       Skin              |       |    12 |       ||    12
       Steam dragon scal |       |       |    21 ||    21
       Chain mail        |       |       |     9 ||     9
Dodge: Dodged            |   117 |   183 |   259 ||   559
Block: Other             |       |       |    17 ||    17
